 Dungeon Crawl Stone Soup version 0.25-b1-29-g4cfa5c7bda (webtiles) character file.

Game seed: 5227685575843869236, levelgen mode: deterministic

88 Descartes the Charmwright (level 4, -1/20 HPs)
             Began as a Felid Skald on June 3, 2020.
             Killed by divine providence
             ... invoked by an orc priest
              (9 damage)
             ... on level 3 of the Dungeon.
             The game lasted 00:08:39 (5246 turns).

Descartes the Charmwright (Felid Skald)             Turns: 5246, Time: 00:08:40

Health: -1/20      AC:  1    Str:  8    XL:     4   Next: 29%
Magic:  6/8        EV: 19    Int: 15    God:
Gold:   121        SH:  0    Dex: 15    Spells: 5/8 levels left
                                        Lives:  0   Deaths: 1

rFire    . . .     SeeInvis +     - Unarmed
rCold    . . .     Gourm    .   (shield unavailable)
rNeg     . . .     Faith    .   (armour unavailable)
rPois    .         Spirit   .   (helmet unavailable)
rElec    .         Reflect  .   (cloak unavailable)
rCorr    .         Harm     .   (gloves unavailable)
MR       .....                  (boots unavailable)
Stlth    +++.......             (no amulet)
HPRegen  0.06/turn              (no ring)
MPRegen  0.11/turn              (no ring)

@: infused (expiring), quick
A: very small, no armour, no weapons or thrown items, stealth, claws 1, fangs 3,
see invisible, carnivore, speed 1, shaggy fur 1, slow metabolism 1, sharp paws
a: no special abilities


You were on level 3 of the Dungeon.
You were completely stuffed.

You visited 2 branches of the dungeon, and saw 5 of its levels.

You collected 121 gold pieces.

Inventory:

Missiles
 h - 127 stones
 l - 68 arrows
Jewellery
 o - a cursed ring of attention {unknown}
Wands
 t - a wand of random effects (12)
Scrolls
 a - 3 scrolls of immolation {unknown}
 d - a scroll of teleportation {unknown}
 e - 7 scrolls of identify {unknown}
 i - a scroll of remove curse {unknown}
 m - a scroll of fog {unknown}
 n - a scroll of blinking {unknown}
 s - a scroll of noise {unknown}
 v - a scroll of magic mapping {unknown}
Potions
 c - a potion of might {unknown}
 f - 4 potions of flight {unknown}
 g - 2 potions of brilliance {unknown}
 j - a potion of haste {unknown}
 k - a potion of stabbing {unknown}
 p - a potion of degeneration {unknown}
 q - a potion of mutation {unknown}
 r - a potion of curing {unknown}
 u - a potion of ambrosia {unknown}
Comestibles
 b - 8 rations


   Skills:
 + Level 2.7 Fighting
 + Level 3.8 Dodging
 * Level 3.7 Stealth
 * Level 3.2 Unarmed Combat
 + Level 2.5 Spellcasting
 - Level 4.0 Charms
 + Level 0.4 Translocations


You had 5 spell levels left.
You knew the following spells:

 Your Spells              Type           Power        Failure   Level  Hunger
a - Infusion              Chrm           ##..         4%          1    #......
b - Shroud of Golubria    Chrm/Tloc      #.....       13%         2    ###....

Your spell library contained the following spells:

 Spells                   Type           Power        Failure   Level  Hunger
 Song of Slaying          Chrm           ##......     6%          2    ###....
 Ozocubu's Armour         Chrm/Ice       #.......     28%         3    ###....
 Spectral Weapon          Hex/Chrm       Unusable     N/A         3    N/A

Dungeon Overview and Level Annotations

Branches:
Dungeon (4/15)             Temple (1/1) D:4

Altars:
Dithmenos
Elyvilon
Gozag
Hepliaklqana
Makhleb
Nemelex Xobeh
Okawaru
Ru
Sif Muna
Trog
Uskayaw
Wu Jian
Xom
Yredelemnul
Zin
The Shining One


Innate Abilities, Weirdness & Mutations

You cannot wear armour.
You are incapable of wielding weapons or throwing items.
Your paws allow you to move quietly. (Stealth)
You have sharp claws.
You have razor-sharp teeth.
You have supernaturally acute eyesight. (SInv)
You are carnivorous and can eat meat at any time.
You cover ground quickly.
You are covered in fur. (AC +1)
You have a slow metabolism.
Your sharp claws are effective at attacking unaware monsters.


Message History

You barely miss the orc priest.
The orc priest is lightly wounded.
The orc priest misses you.
You closely miss the orc priest. Your bite misses the orc priest.
The orc priest is lightly wounded.
The orc priest hits you with a +0 hand axe.
You barely miss the orc priest.
The orc priest is lightly wounded.
You barely miss the orc priest.
The orc priest is lightly wounded.
The orc priest barely misses you.
You scratch the orc priest but do no damage.
The orc priest is lightly wounded.
The orc priest closely misses you.
You scratch the orc priest.
The orc priest is lightly wounded.
Your magical infusion is running out.
The orc priest calls down the wrath of Beogh upon you.
Beogh smites you!
You die...

#.##.######.# #...# #.##.#
#.# #...#
#.##.######.########...#
#.##..##...........#...#
#.##..........####.#...#
#.###.##.##..## #.#...# #.#
#.##.##...# #.#...####
#.###.##.##[..####.#...##..
#.........@.....##.#...#...
#####....[o[.......#..###..
#.##.......>...........
#.##.##...####.########
#.........# #.#
#.##.##.######.#
#.##...........#
#.......######## #########


You could see an orc priest.

Vanquished Creatures
  10 adders
  2 worms
  A dart slug (D:2)
  3 leopard geckos
  9 orcs
  A giant cockroach (D:2)
  4 hobgoblins
  4 jackals
  5 kobolds
  A quokka (D:4)
  2 bats (D:2)
  2 frilled lizards
  8 goblins
  A leopard gecko skeleton (D:4)
  A quokka skeleton (D:2)
  6 rats
60 creatures vanquished.

Notes
Turn   | Place    | Note
-------+----------+-------------------------------------------
     0 | D:1      | Descartes the Felid Skald began the quest for the Orb.
     0 | D:1      | Reached XP level 1. HP: 9/9 MP: 4/4
   480 | D:1      | Reached skill level 1 in Stealth
   483 | D:1      | Reached XP level 2. HP: 3/13 MP: 6/6
  1898 | D:2      | Reached XP level 3. HP: 16/16 MP: 7/7
  2007 | D:2      | Found an iron altar of Okawaru.
  2653 | D:3      | Reached XP level 4. HP: 20/20 MP: 3/8
  2807 | D:3      | Reached skill level 4 in Charms
  3161 | D:3      | Found a glowing golden altar of the Shining One.
  3228 | D:3      | Found a faded altar of an unknown god.
  3585 | D:3      | Learned a level 2 spell: Shroud of Golubria
  3683 | D:3      | Reached XP level 5. HP: 23/23 MP: 4/9
  3840 | D:3      | Found a shimmering blue altar of Sif Muna.
  4405 | D:4      | Found a staircase to the Ecumenical Temple.
  4422 | Temple   | Entered the Ecumenical Temple
  4543 | D:4      | Killed from afar by an orc priest
  4544 | D:4      | Reached XP level 4. HP: -2/20 MP: 8/8
  5246 | D:3      | Killed from afar by an orc priest

Illustrated notes

Levels and vault maps discovered:
D:1:      lightli_arrival_noodles, layout_rooms
D:2:      layout_basic, nicolae_overflow_crystal_walls
D:3:      layout_loops_ring, lemuel_blue_sif_altar, marbit_many_paths,
          first_ration, chequers_ecumenical_altar_twisty, moated_statue,
          minmay_fountain_box
D:4:      layout_cave_pools, kennysheep_mini, minmay_temple_entry_glass
Temple:   cyrus_circular_temple

Skill      XL: |  1  2  3  4 |
---------------+-------------+-----
Stealth        | 1 2 3 |  3.7
Charms         | 4 |  4.0
Unarmed Combat | 3 |  3.2
Fighting       | |  2.7
Dodging        | |  3.8
Spellcasting   | |  2.5
Translocations | |  0.4

Action                   |  1- 3 |  4- 6 || total
-------------------------+-------+-------++-------
Melee: Unarmed           |   101 |   105 ||   206
       Bite              |     2 |     7 ||     9
 Cast: Infusion          |     4 |    23 ||    27
       Shroud of Golubri |       |     3 ||     3
 Stab: Sleeping          |     5 |     1 ||     6
  Eat: Chunk             |    11 |    10 ||    21
Armor: Skin              |     7 |       ||     7
Dodge: Dodged            |    88 |    76 ||   164
